 Dungeon Crawl Stone Soup version 0.21.1-1-g345015f (webtiles) character file.

18 Supreme the Chiller (level 2, 12/20 HPs)
             Began as a Ghoul Ice Elementalist on Apr 22, 2018.
             Quit the game on level 1 of the Dungeon.
             The game lasted 00:04:20 (494 turns).

Supreme the Chiller (Ghoul Ice Elementalist)         Turns: 494, Time: 00:04:21

Health: 12/20      AC:  2    Str: 11    XL:     2   Next: 70%
Magic:  3/3        EV: 12    Int: 10    God:
Gold:   16         SH:  0    Dex:  9    Spells: 3/4 levels left

rFire    . . .     SeeInvis .   d - +0 dagger (curse)
rCold    + . .     Gourm    .   (no shield)
rNeg     + + +     Faith    .   a - +0 robe
rPois    ∞         Spirit   .   (no helmet)
rElec    .         Reflect  .   (no cloak)
rCorr    .         Harm     .   (no gloves)
MR       .....                  (no boots)
Stlth    ++........             (no amulet)
HPRegen  0.06/turn              (no ring)
MPRegen  0.08/turn              (no ring)

@: rotting
A: rotting body, claws 1, carnivore, cold resistance 1, negative energy
resistance 3, inhibited regeneration, torment resistance, unbreathing
a: no special abilities


You were on level 1 of the Dungeon.
You were not hungry.

You visited 1 branch of the dungeon, and saw 1 of its levels.

You collected 16 gold pieces.

Inventory:

Hand Weapons
 d - a cursed +0 dagger (weapon)
Missiles
 e - 25 stones (quivered)
 j - 24 poisoned needles
Armour
 a - a +0 robe (worn)
Scrolls
 f - a scroll of enchant weapon {unknown}
 h - a scroll of identify {unknown}
Potions
 g - a potion of heal wounds {unknown}
Books
 b - a book of Frost

   Spells                             Type                      Level
   a - Freeze                         Ice                          1
   b - Throw Frost                    Conjuration/Ice              2
   c - Ozocubu's Armour               Charms/Ice                   3
   d - Throw Icicle                   Conjuration/Ice              4
   e - Summon Ice Beast               Ice/Summoning                4
Comestibles
 c - a ration
 i - 2 chunks of flesh


   Skills:
 + Level 2.1 Dodging
 + Level 2.5 Stealth
 + Level 1.9 Spellcasting
   Level 0.7 Conjurations
 + Level 3.7 Ice Magic


You had 3 spell levels left.
You knew the following spells:

 Your Spells              Type           Power        Failure   Level  Hunger
a - Freeze                Ice            #...         7%          1    ##.....


Dungeon Overview and Level Annotations

Branches:
Dungeon (1/15)

Altars:


Innate Abilities, Weirdness & Mutations

Your body is rotting away.
You thrive on raw meat.
You are immune to poison.
You have sharp fingernails.
You are carnivorous and can eat meat at any time.
Your flesh is cold resistant. (rC+)
You are immune to negative energy. (rN+++)
You do not regenerate when monsters are visible.
You are immune to unholy pain and torment.
You can survive without breathing.


Message History

The kobold is severely wounded.
The kobold hits you with a dagger.
Casting: Freeze
Confirm with . or Enter, or press ? or * to list all spells.
Aiming: Freeze
Press: ? - help, Shift-Dir - straight line, f/p - kobold
Aim: a kobold, wielding a dagger (severely wounded)
You freeze the kobold.
You kill the kobold!
You now have 16 gold pieces.
Things that are here:
a dagger; a kobold corpse You butcher the kobold corpse.
i - 2 chunks of flesh You see here a dagger.
Found 24 poisoned needles.
You see here 24 poisoned needles.
j - 24 poisoned needles You found a teleport trap!
Are you sure you want to abandon this character and quit the game? (Confirm with "yes".)

.................................
##############..##.........###...
..........#........## ##..
#######...#........# #..
..........#........## ##..
#########.#.........###...
########.#.........).....
...........####..........
#####...@^.# #.#########
#..#......#. ##.#........
..#......#. ####......# #......#
#......# #......#


There were no monsters in sight!

Vanquished Creatures
  A dart slug (D:1)
  A leopard gecko (D:1)
  A bat (D:1)
  2 goblins (D:1)
  2 jackals (D:1)
  5 kobolds (D:1)
  A frilled lizard (D:1)
  2 rats (D:1)
15 creatures vanquished.

Notes
Turn   | Place    | Note
-------+----------+-------------------------------------------
     0 | D:1      | Supreme the Ghoul Ice Elementalist began the quest for the Orb.
     0 | D:1      | Reached XP level 1. HP: 14/14 MP: 2/2
    80 | D:1      | Reached XP level 2. HP: 16/20 MP: 1/3
   494 | D:1      | Quit the game

Skill      XL: |  1 |
---------------+----+-----
Dodging        | 2 |  2.1
Stealth        | |  2.5
Spellcasting   | |  1.9
Conjurations   | |  0.7
Ice Magic      | |  3.7

Action                   || total
-------------------------++-------
Melee: Dagger            ||    32
 Cast: Freeze            ||    14
 Stab: Sleeping          ||     1
  Eat: Chunk             ||     3
Armor: Robe              ||     6
Dodge: Dodged            ||    27
